 Dungeon Crawl Stone Soup version 0.31-a0-662-g6845736 (webtiles) character file.

Game seed: 3222844538744895619

816 BarneyGumball the Cleaver (level 7, -6/53 HPs)
             Began as a Hill Orc Fighter on Aug 31, 2023.
             Mangled by Menkaure (15 damage)
             ... on level 4 of the Dungeon.
             The game lasted 00:09:38 (2758 turns).

BarneyGumball the Cleaver (Hill Orc Fighter)        Turns: 2758, Time: 00:09:38

Health: -6/53      AC: 10    Str: 21      XL:     7   Next: 94%
Magic:  7/7        EV:  7    Int:  8      God:
Gold:   109        SH:  4    Dex:  9 (10) Spells: 6/6 levels left

rFire   + . .        a - +0 war axe
rCold   + . .        c - +0 buckler
rNeg    . . .        t - +0 chain mail
rPois   .            (no helmet)
rElec   .            (no cloak)
rCorr   +            v - +0 pair of gloves
SInv    .            (no boots)
Will    .....        (no amulet) Stlth
                     q - ring of protection from fire
HPRegen 0.28/turn    o - ring of Plog {rC+ rCorr}
MPRegen 0.10/turn

%: random rage (3%)
@: no status effects
A: claws 1, berserk 1, frail 1
a: no special abilities


You were on level 4 of the Dungeon.
You visited 1 branch of the dungeon, and saw 4 of its levels.

You collected 109 gold pieces.

Inventory:

Hand Weapons
 a - a +0 war axe (weapon)
Missiles
 i - 5 poisoned darts (quivered)
 s - 2 throwing nets
Armour
 b - a +0 scale mail
 c - a +0 buckler (worn)
 t - a +0 chain mail (worn)
 v - a +0 pair of gloves (worn)
Jewellery
 j - a +6 ring of strength
 l - a ring of see invisible
 o - the ring of Plog (right hand) {rC+ rCorr}
   (You found it on level 2 of the Dungeon)

   [ring of resist corrosion]

   rC+:       It protects you from cold.
   rCorr:     It protects you from acid and corrosion.
 q - a ring of protection from fire (left hand)
Wands
 d - a wand of polymorph (8)
Scrolls
 e - a scroll of fear {unknown}
 f - a scroll of vulnerability {unknown}
 g - 2 scrolls of teleportation {unknown}
 h - a scroll of revelation {unknown}
 k - a scroll of summoning {unknown}
 m - 2 scrolls of identify {unknown}
 n - a scroll of enchant armour {unknown}
 r - a scroll of fog {unknown}
Potions
 p - a potion of curing {unknown}
 u - a potion of might
 w - 2 potions of heal wounds {unknown}


   Skills:
 + Level 4.0 Fighting
 + Level 11.2 Axes
 + Level 3.6 Armour
 - Level 3.2 Shields


You had 6 spell levels left.
You didn't know any spells.
Your spell library contained the following spells:

 Spells                   Type           Power      Damage    Failure   Level
 Cigotuvi's Dreadful Rot  Necr/Pois/Air  0%         N/A       99%         2
 Ignite Poison            Fire/Tmut/Pois 0%         N/A       100%        3
 Freezing Cloud           Conj/Ice/Air   0%         6-21      100%        5


Dungeon Overview and Level Annotations

Branches:
Dungeon (4/15)
 Temple: D:4-7

Altars:

Annotations:
D:4 Menkaure


Innate Abilities, Weirdness & Mutations

You have sharp fingernails.
You sometimes lose your temper in combat.
You are frail. (-10% HP)


Message History

Press: ? - help, v - describe, . - travel
Here: Menkaure (wandering, hasn't noticed you)
The floor.
Unknown command.
Okay, then.
Unknown command.
You start waiting.
An ufetubus is nearby!
Menkaure shouts!
The ufetubus hits you but does no damage. x3
The ufetubus barely misses you.
You barely miss the ufetubus. The ufetubus completely misses you.
You block the ufetubus's attack.
You closely miss the ufetubus. You block the ufetubus's attack.
The ufetubus barely misses you.
Menkaure casts a spell.
Menkaure seems to speed up.
You slash the ufetubus!
You kill the ufetubus!
Your Fighting skill increases to level 4!
Menkaure hums, "It doesn't hurt if you pull your brain out of your nose yourself."
There is a stone staircase leading up here.
Okay, then.
Menkaure calls on the powers of darkness!
Your body is wracked with pain!
Menkaure casts a spell at you. Pain shoots through your body!
You hit Menkaure but do no damage. You block Menkaure's attack.
You barely miss Menkaure.
Menkaure calls on the powers of darkness!
Your body is wracked with pain!
* * * LOW HITPOINT WARNING * * *
You hit Menkaure.
Menkaure is lightly damaged.
Menkaure hits you.
* * * LOW HITPOINT WARNING * * *
You hit Menkaure.
Menkaure is lightly damaged.
Menkaure hits you!
You die...

.. .. .. # ######## '# #
#......# .# ### # #......#
.# ..# # #......##.###.# #
#......M....#.#
##########......@#####.####
'..........)....†<)......>#
## #####.......#.#######.#
# #.......#.# #.# #
.........##.#######.# #
........####.##......# #
............#.##.###..# #
.........#.†..........# #
.........#....##.####.#


You could see Menkaure (fast).

Vanquished Creatures
  Sigmund (D:2)
  Eustachio (D:4)
  A bullfrog (D:4)
  A hound (D:4)
  2 orc priests
  Jessica (D:2)
  A sleepcap (D:4)
  Natasha (twice) (D:3)
  2 iguanas (D:4)
  An orc wizard (D:4)
  Robin (D:2)
  3 adders
  An ufetubus (D:4)
  A worm (D:2)
  3 dart slugs
  8 orcs
  2 ball pythons (D:1)
  5 endoplasms
  4 giant cockroaches
  14 goblins
  11 hobgoblins
  8 jackals
  A quokka (D:1)
  2 bats
  2 frilled lizards
  7 kobolds
  5 rats
91 creatures vanquished.

Vanquished Creatures (others)
  An orc wizard (D:4)
1 creature vanquished.

Grand Total: 92 creatures vanquished

Notes
Turn   | Place    | Note
-------+----------+-------------------------------------------
     0 | D:1      | BarneyGumball the Hill Orc Fighter began the quest for the
                  | Orb.
     0 | D:1      | Reached XP level 1. HP: 19/19 MP: 1/1
    18 | D:1      | Reached skill level 3 in Axes
    41 | D:1      | Reached XP level 2. HP: 16/26 MP: 2/2
   124 | D:1      | Reached skill level 4 in Axes
   477 | D:1      | Reached XP level 3. HP: 28/31 MP: 3/3
   690 | D:2      | Reached skill level 5 in Axes
   721 | D:2      | Noticed Jessica
   730 | D:2      | Killed Jessica
   731 | D:2      | Reached XP level 4. HP: 38/39 MP: 4/4
   734 | D:2      | Identified the ring of Plog {rC+ rCorr}
   748 | D:2      | Noticed Robin
   760 | D:2      | Killed Robin
   761 | D:2      | Reached skill level 6 in Axes
   943 | D:2      | Noticed Sigmund
   963 | D:2      | Killed Sigmund
   964 | D:2      | Reached skill level 8 in Axes
   964 | D:2      | Reached XP level 5. HP: 27/45 MP: 5/5
   964 | D:2      | Reached XP level 6. HP: 31/51 MP: 6/6
  1515 | D:3      | Noticed Natasha
  1526 | D:3      | Killed Natasha
  1657 | D:3      | Reached skill level 9 in Axes
  2047 | D:4      | Noticed Eustachio
  2085 | D:4      | Gained mutation: You have sharp fingernails. [potion of
                  | mutation]
  2085 | D:4      | Gained mutation: You have hidden genetic defects. [potion
                  | of mutation]
  2093 | D:4      | Killed Eustachio
  2094 | D:4      | Reached skill level 10 in Axes
  2094 | D:4      | Reached XP level 7. HP: 37/57 MP: 7/7
  2099 | D:4      | Gained mutation: You sometimes lose your temper in combat.
                  | [hidden defects]
  2335 | D:4      | Gained mutation: You are frail. (-10% HP) [hidden defects]
  2335 | D:4      | Lost mutation: You have hidden genetic defects. [hidden
                  | defects expressed]
  2548 | D:3      | Noticed Natasha
  2558 | D:3      | Killed Natasha
  2559 | D:3      | Reached skill level 11 in Axes
  2743 | D:4      | Noticed Menkaure
  2758 | D:4      | Mangled by Menkaure

Illustrated notes

Levels and vault maps discovered:
D:1:      shiori_arrival_maze, layout_rooms
D:2:      layout_rooms, chequers_serial_rivers_small_3, serial_park_tiny_1,
          uniq_robin, uniq_jessica, uniq_sigmund
D:3:      layout_loops_ring, uniq_natasha
D:4:      layout_basic, mainiacjoe_overflow_divided_tiny, uniq_eustachio,
          uniq_menkaure

Skill      XL: |  1  2  3  4  5  6  7 |
---------------+----------------------+-----
Axes           | 3 4 5 8 10 11 | 11.2
Fighting       | 4 |  4.0
Armour         | |  3.6
Shields        | |  3.2

Action                     |  1- 3 |  4- 6 |  7- 9 || total
---------------------------+-------+-------+-------++-------
  Melee: War axe           |    53 |   135 |    69 ||   257
         Unarmed           |       |    15 |       ||    15
  Throw: Dart              |       |     6 |       ||     6
    Use: Potion            |       |     3 |       ||     3
 Armour: Scale mail        |    38 |   132 |    26 ||   196
         Skin              |       |     9 |       ||     9
         Chain mail        |       |       |    23 ||    23
  Dodge: Dodged            |    13 |   106 |    23 ||   142
  Block: Buckler           |    14 |    34 |    12 ||    60

Table legend: (Time is in decaauts)
 A = Elapsed time spent in this place.
 B = Non-inter-level travel time spent in this place.
 C = Inter-level travel time spent in this place.
 D = Time resting spent in this place.
 E = Time spent auto-exploring this place.
 F = Levels seen in this place.
 G = Mean time per level.
                   A        B        C        D        E       F      G
               +--------+--------+--------+--------+--------+-----+--------+
         Total |   2814 |   2528 |    286 |     46 |   1815 |   4 |  703.5 |
       Dungeon |   2814 |   2528 |    286 |     46 |   1815 |   4 |  703.5 |
               +--------+--------+--------+--------+--------+-----+--------+

Top non-repeatable levels by time:
     D:3: 875 daAuts
     D:4: 680 daAuts
     D:1: 646 daAuts
     D:2: 612 daAuts
